Map: Incorporeal LE

Players

хуепупола

  • Race: Protoss Protoss
  • Spawn Location: 11:00

ItSJustAGame - Winner!

  • Race: Zerg Zerg
  • Spawn Location: 5:00

VOD

Have the link to the VOD?

Description

Time

  • Played on: Sept. 21, 2025, 8:57 a.m.
  • Length: 3:34
Show
View Real Time Build Order
Export as new Build Order

хуепупола Protoss 

Build Orders: Forge Fast Expand (FFE) 

Get SALT Encoding   

  1  0:00  Probe  
  12  0:06  Probe  
  14  0:21  Pylon  
  14  0:34  Pylon  
  14  0:36  Probe  
  15  0:48  Probe  
  16  0:53  Forge  
  16  1:01  Probe  
  17  1:24  Gateway  
  17  1:33  Probe  
  17  1:38  Nexus  
  18  1:45  Probe, Assimilator  
  19  1:57  Probe, Assimilator  
  20  2:09  Probe  
  21  2:20  Probe  
  22  2:23  Pylon  
  22  2:27  Cybernetics Core  
  22  2:40  Pylon  
  22  2:46  Zealot  
Show
View Real Time Build Order
Export as new Build Order

ItSJustAGame Zerg - Winner!

Build Orders: Pool First 

Get SALT Encoding   

  12  0:00  Drone  
  13  0:23  Spawning Pool  
  12  0:30  Overlord  
  12  0:40  Drone  
  12  0:41  Drone  
  14  1:13  Queen  
  14  1:17  Zergling x2  
  14  1:18  Zergling x4  
  19  1:35  Zergling x2  
  20  1:49  Zergling x2  
  21  1:59  Extractor  
  20  2:11  Zergling x4  
  22  2:24  Overlord x2  
  22  2:34  Hatchery  
  21  2:43  Zergling x6  
  24  3:00  Zergling x2  
  25  3:12  Zergling x2  
Tags
 
Add a new tag
Caveats
  • Supply blocks, unpowered buildings, or Contaminate may cause inaccurate times.
  • Supply counts are checked every 10 seconds.